 Dungeon Crawl Stone Soup version 0.28.0-56-g4927b6849a (webtiles) character file.

Game seed: 11457046894708719329

17131 cbfl8 the Severer (level 12, -14/165 HPs)
             Began as a Minotaur Berserker on Jan 31, 2023.
             Was an Elder of Trog.
             Demolished by an entropy weaver simulacrum (24 damage)
             ... in an ice cave.
             The game lasted 00:14:38 (14079 turns).

cbfl8 the Severer (Minotaur Berserker)             Turns: 14079, Time: 00:14:39

Health: -14/165    AC: 17    Str: 23    XL:     12   Next: 16%
Magic:  11/11      EV: 11    Int:  4    God:    Trog [****..]
Gold:   1088       SH:  0    Dex: 14    Spells: 11/11 levels left

rFire   + . .      SeeInvis .   w - +2 war axe (drain)
rCold   . . .      Faith    .   (no shield)
rNeg    . . .      Spirit   .   K - +0 chain mail {rPois}
rPois   +          Reflect  .   (helmet restricted)
rElec   +          Harm     .   B - +0 cloak of Light {-Cast rElec rF+}
rCorr   .          Rampage  .   (no gloves)
Will    .....      NoCast   +   (no boots)
Stlth   ..........              (no amulet)
HPRegen 0.37/turn               r - ring of flight
MPRegen 0.12/turn               m - +4 ring of protection

@: berserking, flying, very quick
A: horns 2, retaliatory headbutt
a: Renounce Religion, Berserk, Trog's Hand, Brothers in Arms


You were in an ice cave.
You worshipped Trog.
Trog was greatly pleased with you.
You visited 1 branch of the dungeon, and saw 12 of its levels.
You also visited: Ice Cave.

You collected 1088 gold pieces.

Inventory:

Hand Weapons
 w - a +2 war axe of draining (weapon)
Missiles
 J - a throwing net
Armour
 x - +0 fire dragon scales
 B - the +0 cloak of Light (worn) {-Cast rElec rF+}
   (You found it on level 7 of the Dungeon)

   rF:        It protects you from fire.
   rElec:     It insulates you from electricity.
   -Cast:     It prevents spellcasting.
 K - a +0 chain mail of poison resistance (worn)
Jewellery
 m - a +4 ring of protection (right hand)
 r - a ring of flight (left hand)
 z - a ring of willpower
 F - a ring of willpower
 L - a +4 ring of protection
 M - a ring of resist corrosion
Wands
 c - a wand of acid (7)
 i - a wand of polymorph (17)
 k - a wand of paralysis (19)
 o - a wand of mindburst (11)
 p - a wand of charming (16)
 u - a wand of digging (8)
 H - a wand of flame (5) (quivered)
Scrolls
 a - 2 scrolls of noise
 b - 2 scrolls of acquirement
 e - a scroll of summoning {unknown}
 f - a scroll of torment {unknown}
 g - 4 scrolls of enchant weapon
 h - a scroll of teleportation
 l - 2 scrolls of blinking
 n - 2 scrolls of fog
 v - 2 scrolls of magic mapping
 y - 2 scrolls of fear {unknown}
 I - a scroll of enchant armour {unknown}
Potions
 d - a potion of magic {unknown}
 j - a potion of haste {unknown}
 q - 3 potions of brilliance {unknown}
 s - a potion of berserk rage {unknown}
 t - 4 potions of curing {unknown}
 A - a potion of lignification {unknown}
 C - 4 potions of degeneration {unknown}
 D - a potion of invisibility {unknown}
 G - a potion of cancellation {unknown}
 N - a potion of flight {unknown}
Miscellaneous
 E - a piece from Xom's chessboard (15/15)


   Skills:
 * Level 11.0 Fighting
 * Level 15.6 Axes
 + Level 10.1 Armour
 * Level 7.5 Dodging
 + Level 4.6 Stealth
 - Level 0.7 Unarmed Combat
 * Level 4.3 Evocations


You had 11 spell levels left.
You didn't know any spells.
Your spell library was empty.

Dungeon Overview and Level Annotations

Branches:
Dungeon (12/15)            Temple (0/1) D:5            Lair (0/6) D:10
    Orc (0/2) D:12          IceCv (1/1)

Altars:
Ashenzari
Gozag
Kikubaaqudgha
Nemelex Xobeh
Ru
Uskayaw
Beogh

Shops:
D:4 *


Innate Abilities, Weirdness & Mutations

You have a pair of horns on your head.
You reflexively headbutt those who attack you in melee.


Message History

The demonic crawler simulacrum vaporises!
Trog accepts your kill.
Your Fighting skill increases to level 11!
You barely miss the glowing shapeshifter simulacrum.
You slice the glowing shapeshifter simulacrum!!
Your headbutt misses the glowing shapeshifter simulacrum.
The glowing shapeshifter simulacrum is severely damaged.
The glowing shapeshifter simulacrum hits you.
The glowing shapeshifter simulacrum freezes you!!
You slice the glowing shapeshifter simulacrum!!
The glowing shapeshifter simulacrum vaporises!
Trog accepts your kill.
You barely miss the entropy weaver simulacrum.
The entropy weaver simulacrum hits you but does no damage.
The entropy weaver simulacrum hits you!
The entropy weaver simulacrum freezes you!!
The entropy weaver simulacrum hits you.
The entropy weaver simulacrum freezes you!
* * * LOW HITPOINT WARNING * * *
The entropy weaver simulacrum closely misses you.
A red film seems to cover your vision as you go berserk!
You feel yourself moving faster!
You feel mighty!
The entropy weaver simulacrum barely misses you.
The entropy weaver simulacrum hits you but does no damage. x2
The entropy weaver simulacrum barely misses you.
You slice the entropy weaver simulacrum!!
The entropy weaver simulacrum is heavily damaged.
You slash the entropy weaver simulacrum!
Your headbutt misses the entropy weaver simulacrum.
The entropy weaver simulacrum is almost destroyed.
The entropy weaver simulacrum hits you but does no damage.
The entropy weaver simulacrum hits you.
* * * LOW HITPOINT WARNING * * *
The entropy weaver simulacrum freezes you!!!
* * * LOW HITPOINT WARNING * * *
The entropy weaver simulacrum hits you but does no damage.
The entropy weaver simulacrum hits you.
* * * LOW HITPOINT WARNING * * *
The entropy weaver simulacrum freezes you!!
You die...

### ##.##
#..Z##..#
#∩@Z....#
#...##..#
##.## ###


You could see a glowing shapeshifter simulacrum and an entropy weaver
simulacrum.

Vanquished Creatures
  A fire dragon (D:10)
  2 centaur warriors (D:10)
  4 two-headed ogres
  The ghost of Lutefisk the Fighter, a novice PaSu of Makhleb (D:9)
  Pikel (D:6)
  An orc knight (D:10)
  A cyclops (D:10)
  An ugly thing (D:10)
  A manticore (D:10)
  A slime creature (D:10)
  A gargoyle (D:11)
  2 rime drakes (D:12)
  Maggie (D:6)
  A kobold demonologist (D:12)
  A komodo dragon (D:11)
  A troll (D:9)
  2 hornets
  Prince Ribbit (D:6)
  A meliai zombie (D:10)
  2 shadows
  18 yaks
  A wraith (D:12)
  2 steam dragons (D:7)
  A demonic crawler simulacrum (IceCv)
  An acid dragon (D:10)
  4 water moccasins
  A black bear (D:5)
  6 orc warriors
  A sky beast (D:4)
  4 necrophages
  An ogre (D:5)
  5 centaurs
  2 phantoms
  3 kobold brigands
  2 bullfrogs
  2 scorpions (D:4)
  A glowing shapeshifter simulacrum (IceCv)
  A wyvern zombie (D:8)
  A water moccasin zombie (D:7)
  2 killer bees (D:10)
  A wight (D:10)
  5 howler monkeys
  5 centaur zombies
  A jelly (D:5)
  6 orc priests
  5 hounds
  An iguana (D:4)
  6 orc wizards
  A killer bee zombie (D:9)
  A hound zombie (D:5)
  A howler monkey zombie (D:9)
  Robin (D:2)
  4 adders
  2 shadow imps (D:7)
  A white imp (D:7)
  2 ufetubi
  3 worms (D:4)
  49 orcs
  7 ball pythons
  6 bats
  5 endoplasms
  3 giant cockroaches
  13 hobgoblins
  2 quokkas
  5 frilled lizards
  14 goblins
  12 kobolds
  A quokka skeleton (D:4)
  6 rats
255 creatures vanquished.

Vanquished Creatures (others)
  2 fungi (D:1)
  2 plants (D:1)
4 creatures vanquished.

Grand Total: 259 creatures vanquished

Notes
Turn   | Place    | Note
-------+----------+-------------------------------------------
     0 | D:1      | cbfl8 the Minotaur Berserker began the quest for the Orb.
     0 | D:1      | Reached XP level 1. HP: 19/19 MP: 0/0
   294 | D:1      | Reached XP level 2. HP: 24/27 MP: 1/1
   495 | D:1      | Reached skill level 4 in Axes
   496 | D:1      | Found a faded altar of an unknown god.
   897 | D:1      | Reached ** piety under Trog
   901 | D:1      | Reached XP level 3. HP: 34/34 MP: 2/2
  1353 | D:2      | Noticed Robin
  1383 | D:2      | Killed Robin
  1384 | D:2      | Reached XP level 4. HP: 36/41 MP: 3/3
  2007 | D:3      | Found a broken altar of Ashenzari.
  2120 | D:3      | Found an ancient bone altar of Kikubaaqudgha.
  2128 | D:3      | Found a hide-covered altar of Uskayaw.
  2389 | D:3      | Reached skill level 5 in Axes
  2953 | D:4      | Found an opulent altar of Gozag.
  2955 | D:4      | Found Gozag's Platinum Reserve.
  3151 | D:4      | Reached XP level 5. HP: 41/47 MP: 4/4
  3239 | D:4      | Noticed a sky beast
  3245 | D:4      | Killed a sky beast
  3246 | D:4      | Noticed a phantom
  3260 | D:4      | Killed a phantom
  3261 | D:4      | Reached skill level 6 in Axes
  3261 | D:4      | Reached XP level 6. HP: 42/55 MP: 5/5
  3265 | D:4      | Found a glowing drain.
  3433 | D:4      | Reached skill level 5 in Fighting
  4029 | D:5      | Entered Level 5 of the Dungeon
  4066 | D:5      | Reached skill level 5 in Armour
  4066 | D:5      | Reached XP level 7. HP: 46/61 MP: 6/6
  4162 | D:5      | Reached skill level 7 in Axes
  4162 | D:5      | Reached skill level 1 in Stealth
  4222 | D:5      | HP: 1/61 [ogre/+0 giant club (10)]
  4707 | D:5      | Reached skill level 8 in Axes
  5159 | D:5      | Reached XP level 8. HP: 70/70 MP: 7/7
  5586 | D:5      | Found a staircase to the Ecumenical Temple.
  5663 | D:6      | Noticed Prince Ribbit
  5674 | D:6      | Killed Prince Ribbit
  5674 | D:6      | Reached *** piety under Trog
  5736 | D:6      | Noticed Pikel
  5748 | D:6      | Killed Pikel
  5749 | D:6      | Reached skill level 9 in Axes
  5865 | D:6      | Reached XP level 9. HP: 56/78 MP: 8/8
  6214 | D:6      | Found a sacrificial altar of Ru.
  6274 | D:6      | Noticed Maggie
  6289 | D:6      | Killed Maggie
  6290 | D:6      | Reached skill level 10 in Axes
  6684 | D:7      | Identified the +0 cloak of Light {-Cast rElec rF+}
  7175 | D:7      | Reached skill level 5 in Dodging
  7765 | D:8      | Reached skill level 11 in Axes
  7867 | D:8      | Reached XP level 10. HP: 88/88 MP: 9/9
  7999 | D:8      | Reached skill level 1 in Evocations
  8622 | D:9      | Paralysed by a hornet for 3 turns
  9021 | D:9      | Reached skill level 12 in Axes
  9059 | D:9      | Found a sparkling altar of Nemelex Xobeh.
  9091 | D:9      | Reached **** piety under Trog
  9322 | D:9      | Found a runed translucent door.
 10232 | D:9      | Noticed Lutefisk's ghost (novice PaSu)
 10254 | D:9      | Killed Lutefisk's ghost
 10255 | D:9      | Reached skill level 13 in Axes
 10272 | D:9      | Identified 2 scrolls of acquirement
 10279 | D:10     | Entered Level 10 of the Dungeon
 10390 | D:10     | Noticed a manticore
 10394 | D:10     | Noticed a two-headed ogre
 10714 | D:10     | Noticed a two-headed ogre
 10721 | D:10     | Killed a two-headed ogre
 10875 | D:10     | Noticed a centaur warrior
 10885 | D:10     | Killed a centaur warrior
 10886 | D:10     | Reached XP level 11. HP: 83/97 MP: 10/10
 11248 | D:10     | Reached skill level 14 in Axes
 11331 | D:10     | Found a staircase to the Lair.
 11916 | D:10     | Noticed a purple ugly thing
 11918 | D:10     | Noticed an orc knight
 11922 | D:10     | Killed a purple ugly thing
 11931 | D:10     | Killed an orc knight
 11938 | D:10     | Reached skill level 10 in Fighting
 12142 | D:10     | Noticed a fire dragon
 12147 | D:10     | Noticed a centaur warrior
 12156 | D:10     | Killed a fire dragon
 12164 | D:10     | Killed a centaur warrior
 12165 | D:10     | Reached skill level 15 in Axes
 12560 | D:10     | Killed a two-headed ogre
 13325 | D:11     | Noticed a two-headed ogre
 13336 | D:11     | Killed a two-headed ogre
 13588 | D:11     | Noticed a two-headed ogre
 13598 | D:11     | Killed a two-headed ogre
 13599 | D:11     | Reached XP level 12. HP: 100/108 MP: 11/11
 13632 | D:11     | Found a hide-covered altar of Uskayaw.
 13822 | D:12     | Reached skill level 10 in Armour
 13841 | D:12     | Found a frozen archway.
 14066 | IceCv    | Entered an ice cave
 14079 | IceCv    | Demolished by an entropy weaver simulacrum

Illustrated notes

Levels and vault maps discovered:
D:1:      dpeg_arrival_central, layout_rooms,
          dreamdust_ecumenical_altar_hidden_monk_grotto
D:2:      layout_rooms, minmay_diced_spiral, uniq_robin
D:3:      layout_loops_cross, evilmike_ruin_ashenzari,
          mainiacjoe_overflow_catwalk_spiral
D:4:      layout_cave_pods, nicolae_gozag_zags_fifth_avenue,
          cheibrodos_sewer_entry_bend, chequers_hall_statues_y,
          minmay_increasing_density
D:5:      wad_pebble_path, layout_basic, minmay_temple_entry_offerings
D:6:      layout_cave_pools, mainiacjoe_overflow_catwalk,
          chequers_serial_rivers_micro_c, uniq_pikel, uniq_maggie,
          uniq_prince_ribbit1
D:7:      layout_loops_corners
D:8:      layout_loops_ring
D:9:      layout_gridville, mainiacjoe_overflow_paths,
          ebering_ghost_reflecting_pool, special_room [special_room_orc]
D:10:     minmay_the_grid_plus_closed [minmay_the_grid_spikes,
          minmay_the_grid_zigzag_pyramid, minmay_the_grid_embedded,
          minmay_the_grid_minigrid_medium, minmay_the_grid_prize_four_corners],
          layout_long_grid, lair_entry_dummy, hangedman_abyss_or_decor_stabs,
          minmay_misc_feat_columns
D:11:     layout_loops_cross, st_stairs_12, nicolae_uskayaw_en_pointe
D:12:     layout_loops_ring, orc_0_dummy, portal_ice_cave_rime
IceCv:    ice_cave_hellmonk_azure_passage

Skill      XL: |  1  2  3  4  5  6  7  8  9 10 11 12 |
---------------+-------------------------------------+-----
Fighting       | 4 5 6 8 9 10 11 | 11.0
Axes           | 4 5 6 8 9 11 13 15 | 15.6
Armour         | 3 4 5 6 7 8 9 10 | 10.1
Dodging        | 3 4 5 6 7 |  7.5
Stealth        | 1 3 4 |  4.6
Evocations     | 2 4 |  4.3
Unarmed Combat | |  0.7

Action                   |  1- 3 |  4- 6 |  7- 9 | 10-12 || total
-------------------------+-------+-------+-------+-------++-------
Melee: Hand axe          |    87 |   133 |   143 |       ||   363
       Headbutt          |    12 |    19 |    36 |    71 ||   138
       Punch             |     1 |     2 |     3 |    10 ||    16
       Unarmed           |    10 |       |       |       ||    10
       War axe           |       |       |    71 |   337 ||   408
Invok: Berserk           |     1 |     1 |     2 |     5 ||     9
       Trog's Hand       |     1 |       |       |       ||     1
Evoke: Wand              |       |       |     2 |    10 ||    12
  Use: Scroll            |       |       |       |    10 ||    10
 Stab: Sleeping          |     1 |       |       |       ||     1
       Paralysed         |       |       |    12 |       ||    12
Armor: Animal skin       |     6 |       |       |       ||     6
       Ring mail         |    12 |    64 |    76 |       ||   152
       Chain mail        |       |       |    46 |   160 ||   206
       Fire dragon scale |       |       |       |     9 ||     9
Dodge: Dodged            |    62 |    73 |   105 |   169 ||   409
